Map: Romanticide LE

Players

Provocateur

  • Race: Protoss Protoss
  • League: Diamond
  • Spawn Location: 11:00

CheeseCake - Winner!

  • Race: Zerg Zerg
  • League: Diamond
  • Spawn Location: 5:00

VOD

Have the link to the VOD?

Description

Time

  • Played on: Dec. 2, 2020, 5:44 p.m.
  • Length: 12:14
Show
View Real Time Build Order
Export as new Build Order

Provocateur Protoss 

Build Orders: 1 Gate Expand, Oracle Opening, Chargelot Immortal 

Get SALT Encoding   

  12  0:00  Probe  
  13  0:12  Probe  
  14  0:20  Pylon  
  14  0:24  Probe  
  15  0:38  Gateway, Probe (Chrono Boost)  
  16  0:49  Probe (Chrono Boost)  
  17  0:51  Assimilator  
  17  0:54  Probe (Chrono Boost)  
  18  1:04  Probe  
  19  1:16  Probe  
  20  1:26  Nexus  
  20  1:37  Cybernetics Core  
  21  1:40  Probe  
  21  1:48  Assimilator  
  21  1:52  Probe  
  22  1:58  Pylon  
  22  2:04  Probe  
  23  2:14  Warp Gate, Adept (Chrono Boost)  
  23  2:16  Probe  
  26  2:29  Probe  
  27  2:37  Gateway  
  27  2:40  Stargate  
  27  2:46  Adept  
  27  2:47  Probe (Chrono Boost)  
  27  2:49  Probe (Chrono Boost)  
  32  2:59  Probe (Chrono Boost)  
  32  3:01  Probe (Chrono Boost)  
  32  3:05  Probe x2 (Chrono Boost)  
  35  3:13  Probe  
  35  3:14  Probe  
  35  3:16  Pylon, Stalker  
  39  3:23  Oracle (Chrono Boost)  
  39  3:25  Probe  
  39  3:26  Probe  
  44  3:37  Probe  
  44  3:38  Probe  
  46  3:42  Pylon  
  46  3:50  Probe  
  46  3:51  Probe  
  48  3:58  Oracle  
  49  4:02  Assimilator  
  49  4:04  Assimilator  
  49  4:08  Adept x2  
  53  4:27  Nexus  
  53  4:31  Pylon  
  53  4:39  Probe x2  
  53  4:43  Pylon  
  53  4:44  Pylon  
  55  4:51  Probe x2  
  57  5:03  Probe x2  
  57  5:05  Robotics Facility  
  59  5:07  Twilight Council  
  59  5:08  Forge  
  59  5:11  Gateway  
  59  5:12  Gateway  
  59  5:15  Probe x2  
  59  5:19  Shield Battery  
  61  5:27  Probe (Chrono Boost)  
  61  5:28  Probe (Chrono Boost)  
  63  5:39  Probe x2 (Chrono Boost)  
  65  5:44  Probe x2 (Chrono Boost)  
  67  5:52  Stalker  
  67  5:55  Probe (Chrono Boost)  
  72  5:58  Probe (Chrono Boost)  
  72  6:00  Probe (Chrono Boost)  
  72  6:02  Assimilator  
  73  6:05  Probe (Chrono Boost)  
  73  6:06  Assimilator  
  73  6:08  Protoss Ground Weapons Level 1, Probe x2 (Chrono Boost)  
  73  6:09  Charge  
  75  6:11  Templar Archives  
  75  6:13  Sentry, Gateway  
  75  6:14  Sentry x2, Gateway  
  75  6:18  Probe  
  82  6:19  Pylon, Probe x2  
  84  6:30  Probe  
  85  6:40  Psionic Storm  
  85  6:45  Probe x3  
  88  6:50  Gateway  
  88  6:53  Gateway  
  88  6:55  Gateway  
  88  6:57  Gateway, Probe x3  
  91  7:06  High Templar x2  
  95  7:09  Zealot x4, Probe  
  95  7:13  Immortal (Chrono Boost)  
  108  7:38  Pylon  
  108  7:39  Pylon  
  108  7:40  Pylon  
  108  7:43  Gateway  
  108  7:44  Gateway  
  108  7:56  Immortal  
  108  7:57  Nexus  
  112  7:59  Pylon  
  112  8:02  Pylon, High Templar x3  
  112  8:04  High Templar x2  
  122  8:06  Zealot  
  122  8:07  Zealot x4  
  132  8:15  Archon  
  132  8:28  Protoss Ground Weapons Level 2 (Chrono Boost)  
  132  8:29  Pylon  
  132  8:30  Pylon  
  132  8:32  Pylon  
  132  8:33  Immortal (Chrono Boost)  
  132  8:37  Sentry  
  132  8:38  Sentry x2  
  132  8:39  Zealot  
  132  8:40  Zealot x2  
  148  8:50  Zealot x4  
  156  9:05  Immortal  
  156  9:06  Pylon  
  160  9:19  High Templar x2  
  160  9:20  High Templar x2  
  160  9:21  High Templar  
  170  9:29  Zealot x5  
  174  9:39  Pylon  
  174  9:50  Observer  
  175  10:03  High Templar  
  175  10:04  High Templar x2  
  175  10:06  Archon x2  
  175  10:07  Archon  
  181  10:08  Archon  
  181  10:14  Stalker x3  
  181  10:15  Stalker x4  
  181  10:18  Assimilator  
  181  10:20  Assimilator  
  173  10:46  High Templar x2  
  173  10:49  Zealot x5  
  183  10:50  Zealot x2  
  187  11:12  Immortal  
  191  11:27  Nexus  
  191  11:30  Pylon  
  152  11:44  Archon x2  
  103  12:02  Stalker x4  
  103  12:03  Stalker x6  
Show
View Real Time Build Order
Export as new Build Order

CheeseCake Zerg - Winner!

Build Orders: Hatch First 

Get SALT Encoding   

  12  0:00  Drone  
  13  0:12  Overlord  
  13  0:16  Drone  
  14  0:30  Drone x2  
  16  0:48  Hatchery  
  15  0:52  Drone  
  16  0:58  Drone  
  16  0:59  Drone  
  18  1:11  Extractor  
  18  1:15  Spawning Pool  
  16  1:25  Drone x2  
  18  1:31  Drone  
  19  1:37  Overlord  
  19  1:51  Drone  
  20  2:01  Queen x2  
  20  2:02  Zergling x4  
  26  2:10  Drone  
  26  2:15  Metabolic Boost  
  27  2:17  Drone  
  28  2:26  Drone x2  
  30  2:33  Overlord  
  30  2:45  Queen  
  30  2:46  Drone x2  
  30  2:47  Drone  
  35  2:58  Drone x2  
  35  3:04  Drone  
  38  3:07  Drone  
  38  3:11  Hatchery  
  38  3:19  Drone x4  
  42  3:25  Overlord  
  42  3:27  Overlord  
  42  3:31  Overlord  
  42  3:38  Zergling x4  
  44  4:00  Drone x2  
  44  4:03  Drone x2  
  44  4:04  Drone x5  
  51  4:22  Extractor  
  51  4:23  Extractor  
  47  4:31  Drone x3  
  50  4:32  Roach Warren  
  50  4:37  Drone x2  
  51  4:48  Drone x6  
  51  4:49  Drone x5  
  51  4:50  Lair  
  60  4:53  Spore Crawler  
  60  4:55  Hatchery  
  60  4:58  Drone  
  60  5:03  Spore Crawler  
  60  5:05  Spore Crawler  
  58  5:07  Spore Crawler  
  58  5:12  Zergling x14  
  64  5:20  Queen  
  66  5:32  Extractor, Drone x4  
  66  5:33  Drone, Extractor  
  66  5:34  Queen  
  67  5:52  Drone x3  
  67  5:54  Drone x2, Spore Crawler  
  67  5:56  Drone x2  
  73  6:01  Hydralisk Den  
  73  6:02  Extractor  
  73  6:03  Pneumatized Carapace  
  71  6:09  Drone x3  
  71  6:10  Drone x5  
  79  6:14  Overlord  
  79  6:43  Overlord  
  79  6:44  Overlord x5  
  79  6:59  Overlord  
  79  7:01  Queen  
  79  7:04  Roach x5, Hydralisk x7  
  105  7:12  Muscular Augments  
  102  7:25  Drone x3  
  102  7:26  Baneling Nest  
  102  7:28  Roach  
  102  7:29  Roach x7  
  119  7:40  Drone x2  
  119  7:42  Drone x2, Evolution Chamber  
  119  7:43  Drone x7, Evolution Chamber  
  128  7:47  Ravager  
  129  7:51  Overlord x2  
  129  7:52  Overlord  
  129  7:54  Overseer x2  
  129  8:16  Roach x4, Hydralisk x2  
  129  8:17  Zergling x4, Roach x2  
  129  8:18  Zergling x4  
  144  8:28  Ravager x3  
  144  8:29  Ravager x2  
  144  8:31  Grooved Spines  
  144  8:32  Zerg Ground Armor Level 1, Zerg Missile Weapons Level 1  
  144  8:34  Centrifical Hooks  
  149  8:36  Roach x5  
  149  8:38  Overlord  
  149  8:39  Overlord x7  
  159  9:01  Hatchery  
  158  9:31  Zergling x2, Roach x4, Hydralisk x2  
  166  9:32  Zergling x32  
  166  9:33  Zergling x8  
  166  9:38  Baneling x6  
  191  9:45  Queen  
  193  9:54  Baneling x5  
  193  9:55  Baneling x5, Zergling x2  
  193  9:56  Zergling x12  
  200  10:05  Overseer x2  
  200  10:06  Overlord x3  
  196  10:34  Baneling x5  
  196  10:35  Baneling x3  
  180  10:47  Zergling x26  
  180  10:48  Zergling x28  
  200  11:08  Baneling  
  200  11:09  Baneling x2  
  200  11:10  Baneling x11  
  200  11:11  Baneling x4  
  196  11:20  Lurker Den  
  168  11:45  Roach x2  
  168  11:46  Zergling x28, Roach x6  
  168  11:47  Zergling x10  
Tags
 
Add a new tag
Caveats
  • Supply blocks, unpowered buildings, or Contaminate may cause inaccurate times.
  • Supply counts are checked every 10 seconds.